Map: Forgotten Sanctuary

Players

gamer

  • Race: Protoss Protoss
  • Spawn Location: 12:00

deadpool

  • Race: Zerg Zerg
  • League: Platinum
  • Spawn Location: 9:00

Kitty

  • Race: Zerg Zerg
  • Spawn Location: 9:00

cannon

  • Race: Terran Terran
  • Spawn Location: 12:00

Infamous - Winner!

  • Race: Protoss Protoss
  • League: Gold
  • Spawn Location: 6:00

Protan - Winner!

  • Race: Zerg Zerg
  • League: Silver
  • Spawn Location: 3:00

Sceptre - Winner!

  • Race: Protoss Protoss
  • Spawn Location: 3:00

ZeroCL - Winner!

  • Race: Terran Terran
  • Spawn Location: 6:00

VOD

Have the link to the VOD?

Description

Time

  • Played on: April 12, 2018, 9:37 a.m.
  • Length: 21:00
Show
View Real Time Build Order
Export as new Build Order

gamer Protoss 

Build Orders: Cannon Rush 

Get SALT Encoding   

  12  0:07  Probe  
  13  0:19  Probe  
  14  0:25  Pylon  
  14  0:31  Probe  
  15  0:44  Forge  
  15  0:51  Gateway  
  15  0:57  Pylon  
  15  1:00  Probe  
  16  1:12  Probe  
  17  1:21  Photon Cannon  
  17  1:28  Photon Cannon  
  17  1:38  Photon Cannon  
  17  1:47  Probe  
  17  1:53  Zealot  
  20  1:59  Probe  
  21  2:04  Photon Cannon  
  21  2:12  Probe (Chrono Boost)  
  22  2:17  Pylon  
  22  2:24  Probe (Chrono Boost)  
  22  2:29  Zealot  
  25  2:32  Probe (Chrono Boost)  
  26  2:38  Probe, Photon Cannon  
  27  2:45  Photon Cannon  
  27  2:54  Cybernetics Core  
  27  3:01  Assimilator  
  27  3:05  Assimilator  
  27  3:07  Zealot  
  29  3:19  Photon Cannon  
  29  3:26  Pylon  
  29  3:48  Photon Cannon  
  29  4:07  Photon Cannon  
  29  4:09  Pylon  
  29  4:20  Pylon  
  29  4:29  Zealot  
  31  5:06  Zealot  
  33  5:20  Photon Cannon  
  33  5:22  Photon Cannon  
  33  5:28  Shield Battery  
  33  5:34  Nexus  
  33  5:37  Pylon  
  33  5:41  Zealot  
  35  5:57  Stargate  
  35  5:59  Stargate  
  35  6:03  Robotics Facility  
  35  6:10  Photon Cannon  
  35  6:19  Assimilator  
  35  6:24  Assimilator  
  35  6:29  Zealot  
  31  6:48  Fleet Beacon  
  31  6:50  Probe  
  33  7:01  Observer  
  33  7:02  Probe  
  34  7:14  Protoss Shields Level 1, Probe  
  35  7:19  Warp Gate (Chrono Boost)  
  35  7:29  Void Ray  
  39  7:36  Void Ray  
  43  7:39  Probe  
  44  7:51  Probe (Chrono Boost)  
  45  8:01  Observer  
  45  8:03  Probe (Chrono Boost)  
  47  8:08  Probe (Chrono Boost)  
  48  8:17  Probe  
  49  8:21  Void Ray  
  49  8:23  Void Ray  
  57  8:29  Probe (Chrono Boost)  
  59  8:41  Probe (Chrono Boost)  
  59  8:49  Probe (Chrono Boost)  
  60  8:56  Probe  
  60  8:59  Twilight Council  
  60  9:02  Protoss Air Weapons Level 1 (Chrono Boost)  
  61  9:04  Void Ray  
  61  9:08  Probe  
  66  9:13  Void Ray  
  70  9:44  Void Ray  
  70  9:49  Void Ray  
  70  9:50  Pylon  
  74  9:55  Pylon  
  66  11:22  Void Ray x2  
  74  11:52  Observer  
  75  12:04  Void Ray  
  75  12:05  Void Ray  
  45  12:47  Tempest x2  
Show
View Real Time Build Order
Export as new Build Order

deadpool Zerg 

Build Orders: Hatch First 

Get SALT Encoding   

  12  0:01  Drone  
  13  0:13  Drone  
  14  0:36  Hatchery  
  14  0:38  Drone  
  14  0:56  Spawning Pool  
  13  0:59  Drone  
  14  1:14  Overlord  
  14  1:41  Drone  
  14  1:42  Drone  
  16  1:50  Queen  
  18  1:55  Drone  
  18  1:59  Hatchery  
  18  2:02  Drone  
  18  2:03  Drone  
  20  2:13  Queen  
  22  2:16  Zergling x2  
  23  2:23  Drone  
  23  2:27  Drone x2  
  26  2:30  Drone  
  27  2:46  Extractor  
  27  2:47  Drone x2  
  27  2:48  Extractor  
  27  2:52  Drone  
  27  2:54  Overlord  
  28  3:07  Overlord  
  29  3:20  Drone x5  
  33  3:31  Drone x4  
  37  3:37  Extractor  
  36  3:41  Evolution Chamber  
  36  3:44  Lair  
  36  3:46  Queen  
  36  3:47  Drone  
  38  3:50  Drone  
  38  3:51  Drone  
  40  4:05  Spore Crawler  
  40  4:07  Spore Crawler  
  40  4:08  Drone x5  
  43  4:14  Drone  
  44  4:21  Metabolic Boost  
  44  4:23  Zergling x6  
  44  4:24  Zergling x6  
  49  4:30  Overlord x2  
  48  5:07  Drone x3  
  48  5:08  Drone x3  
  54  5:17  Extractor  
  53  5:21  Extractor  
  53  5:27  Hatchery  
  53  5:28  Drone, Infestation Pit  
  50  5:29  Drone x5  
  50  5:32  Drone  
  57  5:37  Overlord x4  
  57  5:43  Zerg Melee Weapons Level 1  
  57  6:14  Spore Crawler  
  57  6:15  Extractor  
  55  6:19  Drone x3  
  55  6:20  Drone x2  
  55  6:24  Hive  
  59  6:26  Infestor x5  
  59  6:27  Infestor  
  71  6:44  Evolution Chamber  
  70  6:51  Overlord x3  
  70  6:58  Queen  
  72  7:03  Infestor x4  
  80  7:12  Burrow  
  80  7:15  Drone x6  
  85  7:16  Drone x5  
  91  7:23  Queen  
  91  7:25  Overlord  
  91  7:26  Drone x2  
  95  7:44  Ultralisk Cavern  
  95  7:45  Adrenal Glands  
  95  7:48  Zerg Missile Weapons Level 1  
  94  8:00  Drone  
  95  8:28  Hatchery  
  94  8:38  Drone x2  
  94  8:39  Drone  
  97  8:42  Extractor  
  97  8:43  Chitinous Plating  
  97  8:46  Extractor, Hatchery  
  94  8:51  Infestor x10  
  93  9:07  Neural Parasite  
  93  9:14  Drone x2  
  93  9:15  Drone  
  96  9:20  Drone x4  
  100  9:40  Spire  
  100  9:44  Hydralisk Den, Zerg Melee Weapons Level 2  
  100  9:45  Zerg Missile Weapons Level 2  
  98  9:50  Drone x4  
  98  9:51  Drone x2  
  104  9:58  Drone, Queen  
  104  9:59  Drone  
  108  10:02  Drone  
  108  10:04  Queen  
  111  10:11  Extractor x2  
  109  10:18  Extractor  
  109  10:19  Extractor  
  107  10:27  Viper  
  107  10:28  Zergling x4  
  112  10:32  Zergling x18  
  112  10:33  Zergling x4  
  117  11:13  Ultralisk x2  
  117  11:14  Ultralisk x2  
  117  11:16  Overlord x4  
  117  11:17  Overlord x4  
  137  11:39  Drone x3  
  139  11:40  Drone x2  
  139  11:43  Drone x3  
  141  11:48  Drone x3  
  144  12:00  Viper x4  
  144  12:01  Viper  
  123  12:23  Ultralisk x3  
  123  12:24  Ultralisk x3  
  123  12:27  Ultralisk  
  123  12:28  Ultralisk x5  
  195  12:33  Zergling x4  
  195  12:34  Zergling x4  
  143  14:18  Spawning Pool  
Show
View Real Time Build Order
Export as new Build Order

Kitty Zerg 

Build Orders: Pool First 

Get SALT Encoding   

  12  0:09  Drone x2  
  14  0:17  Extractor  
  14  0:21  Extractor  
  12  0:26  Drone x2  
  14  0:58  Spawning Pool  
  14  1:01  Overlord  
  14  1:02  Overlord  
  13  1:05  Overlord  
  13  1:28  Drone x2  
  15  1:36  Drone  
  16  1:45  Queen  
  18  1:48  Drone  
  19  2:05  Hatchery  
  19  2:06  Drone  
  19  2:22  Lair  
  19  2:25  Drone  
  19  2:27  Drone  
  21  2:46  Drone x2  
  23  3:03  Drone x2  
  26  3:05  Drone x2  
  26  3:06  Drone  
  28  3:38  Infestation Pit  
  27  3:50  Spire  
  27  3:52  Drone x3  
  29  4:02  Queen  
  31  4:04  Drone x3  
  31  4:08  Extractor  
  33  4:10  Extractor  
  32  4:20  Hive  
  32  4:25  Drone  
  32  4:38  Burrow  
  30  5:15  Zergling x6  
  30  5:16  Zergling x6  
  30  5:20  Overlord  
  30  5:21  Overlord x2  
  36  5:35  Overlord x3  
  36  5:49  Pneumatized Carapace, Queen  
  38  6:12  Mutalisk x2  
  38  6:13  Mutalisk  
  44  6:20  Drone x3  
  47  6:27  Drone  
  47  6:28  Drone x3  
  51  6:33  Mutalisk  
  51  6:39  Mutalisk  
  55  6:40  Mutalisk  
  55  6:41  Mutalisk  
  59  6:57  Evolution Chamber  
  59  6:59  Evolution Chamber  
  57  7:06  Mutalisk x2  
  61  7:10  Mutalisk  
  61  7:13  Zergling x2  
  61  7:14  Zergling x2  
  65  7:15  Zergling x4  
  65  7:16  Zergling x2  
  65  7:21  Mutalisk  
  65  7:22  Zergling x4  
  72  7:23  Zergling x2  
  72  7:27  Zergling x2  
  74  7:42  Zerg Melee Weapons Level 1  
  74  7:44  Zerg Ground Armor Level 1  
  74  7:50  Zergling x6  
  77  7:52  Mutalisk  
  77  7:53  Zergling x2  
  80  8:05  Zergling x6  
  82  8:06  Zergling x2  
  84  8:14  Overlord x4  
  84  8:33  Hatchery  
  83  8:38  Mutalisk x3  
  83  8:39  Mutalisk  
  91  8:41  Mutalisk  
  93  8:56  Drone x2  
  95  9:15  Mutalisk x3  
  101  9:24  Mutalisk  
  101  9:25  Zergling x6  
  106  9:32  Overlord x2  
  106  9:33  Overlord  
  106  9:38  Zergling x4  
  107  9:43  Zergling x2  
  107  9:44  Zergling x2  
  110  9:49  Drone  
  36  10:48  Zergling x2  
  36  10:49  Zergling x14  
  45  10:50  Zergling x2  
  45  10:57  Adrenal Glands  
  45  11:02  Zerg Ground Armor Level 2, Zerg Melee Weapons Level 2  
  45  11:07  Zergling x6  
  45  11:08  Zergling x10  
  53  11:21  Zergling x4  
  55  11:29  Queen  
  57  11:34  Zergling x2  
  58  11:52  Zergling x2  
  58  11:53  Zergling x2  
  60  11:57  Zergling x6  
  63  12:01  Hatchery  
  63  12:03  Extractor  
  43  12:15  Queen  
  41  12:29  Metabolic Boost  
  36  12:36  Drone  
  25  18:49  Drone x12  
  25  18:50  Drone  
Show
View Real Time Build Order
Export as new Build Order

cannon Terran 

Build Orders: Command Center First (CC) 

Get SALT Encoding   

  12  0:57  SCV  
  13  1:09  SCV  
  14  1:21  SCV  
  15  1:29  Supply Depot  
  15  1:50  SCV  
  15  1:51  Supply Depot  
  16  2:02  SCV  
  17  2:14  SCV  
  18  2:24  Command Center  
  18  2:27  SCV  
  19  2:39  SCV  
  20  2:51  SCV  
  21  3:03  SCV  
  22  3:10  Refinery  
  22  3:15  SCV  
  22  3:18  Barracks  
  23  3:20  Barracks  
  23  3:22  Barracks  
  23  3:26  Refinery  
  23  3:27  SCV  
  24  3:34  Engineering Bay  
  24  3:39  SCV  
  25  3:46  SCV  
  26  3:51  SCV, Refinery  
  27  3:58  SCV  
  28  4:03  SCV  
  29  4:10  Barracks Reactor, SCV  
  29  4:13  Barracks Reactor  
  29  4:15  SCV  
  31  4:17  Barracks Reactor  
  31  4:22  SCV  
  32  4:26  Barracks  
  32  4:28  SCV  
  32  4:30  Refinery  
  33  4:34  SCV  
  33  4:37  Terran Infantry Weapons Level 1  
  34  4:44  Supply Depot  
  34  4:50  Planetary Fortress  
  34  4:57  Marine x3  
  34  4:58  Marine x3  
  40  5:10  Planetary Fortress  
  40  5:15  Marine x4  
  40  5:16  Marine x2  
  40  5:20  Supply Depot  
  46  5:27  SCV  
  47  5:33  Marine x5  
  47  5:34  Marine  
  47  5:35  Barracks Tech Lab  
  53  5:39  SCV  
  54  5:50  Marine  
  54  5:51  Marine x4, SCV  
  60  6:03  SCV  
  61  6:09  Command Center  
  61  6:15  SCV, Combat Shields  
  61  6:16  Refinery  
  62  6:18  Refinery  
  62  6:35  Factory  
  62  6:43  Supply Depot  
  62  6:45  Supply Depot  
  62  6:54  Terran Infantry Armor Level 1  
  62  7:04  Marine x3, SCV x2  
  62  7:05  Supply Depot, Marauder  
  69  7:16  SCV  
  69  7:17  SCV  
  71  7:25  Orbital Command  
  71  7:29  SCV x2, Factory Tech Lab  
  73  7:34  Stimpack  
  73  7:41  SCV x2  
  75  7:44  Marine  
  75  7:45  Marine x4  
  80  7:53  SCV x2  
  80  7:56  Missile Turret  
  82  7:59  Missile Turret  
  82  8:04  SCV  
  82  8:05  SCV x2  
  85  8:15  Siege Tank  
  85  8:17  SCV x3  
  85  8:19  Marine x3  
  93  8:20  Marine x2  
  96  8:29  SCV  
  97  8:41  SCV  
  98  8:45  Marine x6  
  98  8:46  Marine  
  98  8:47  Siege Tank  
  108  8:53  SCV  
  109  9:02  Marine  
  109  9:03  Marine x6  
  109  9:05  SCV  
  117  9:58  Marine x2, SCV  
  117  9:59  Marine x3  
  117  10:00  Marine x2  
  92  10:10  SCV  
  74  10:15  Marine  
  74  10:16  Marine x3  
  74  10:17  Marine x3  
  81  10:22  SCV  
  82  10:33  Marine  
  82  10:34  Marine x3, Marauder  
  82  10:35  Marine x2  
  88  10:37  Command Center  
  90  10:51  Marine  
  90  10:52  Marine x3  
  90  10:53  Marine x2  
  90  10:54  Siege Tank  
  90  10:55  Marauder  
  101  11:00  Command Center  
  101  11:09  Marine  
  101  11:10  Marine x3  
  101  11:11  Marine x2  
  105  11:16  Marauder  
  109  11:26  Siege Tank  
  109  11:27  Marine  
  109  11:28  Marine x3  
  109  11:29  Marine  
  117  11:49  Marine x6, Marauder  
  125  11:55  Armory  
  125  11:58  Siege Tank  
  125  11:59  Armory  
  125  12:00  Armory  
  128  12:06  Marine x4  
  132  12:10  Missile Turret  
  132  12:12  Marine x2, Missile Turret, Marauder  
  132  12:13  Missile Turret x2  
  136  12:24  Marine x2  
  136  12:28  Planetary Fortress  
  136  12:29  Missile Turret  
  138  12:30  Siege Tank  
  138  12:32  Missile Turret  
  138  12:33  Missile Turret  
  138  12:34  Missile Turret, Marauder  
  138  12:36  Missile Turret  
  143  12:46  Marine x3  
  143  12:47  Marine  
  143  12:50  Missile Turret  
  147  12:52  Missile Turret  
  147  12:55  Missile Turret  
  147  12:57  Missile Turret  
  147  12:59  Missile Turret  
  147  13:10  Missile Turret  
  147  13:13  Missile Turret  
  147  13:15  Missile Turret  
  147  13:19  Missile Turret  
  147  13:21  Missile Turret  
  147  13:27  Marine  
  147  13:28  Marine x2  
  147  13:29  Marine x3, Missile Turret  
  147  13:30  Siege Tank  
  119  13:34  Missile Turret  
  95  13:45  Marine x2  
  95  13:46  Marine x2  
  95  13:47  Marine x3  
  96  13:48  Missile Turret  
  96  13:56  Terran Vehicle Weapons Level 1  
  96  13:57  Terran Ship Weapons Level 1, Terran Vehicle And Ship Armor Level 1  
  96  13:59  Concussive Shells  
  96  14:01  Terran Infantry Weapons Level 2  
  96  14:02  Siege Tank  
  99  14:03  Marine x2  
  99  14:04  Marine x3  
  99  14:05  Marine x2  
  99  14:08  Missile Turret  
  106  14:21  Marine x2  
  106  14:22  Marine x3  
  106  14:23  Marine x2  
  113  14:28  Missile Turret  
  113  14:34  Thor  
  119  14:39  Marine x3  
  119  14:40  Marine x2  
  119  14:41  Marine x2  
  126  14:47  Missile Turret  
  126  14:58  Marine  
  120  15:09  Missile Turret  
  120  15:11  SCV  
  120  15:17  Thor  
  120  15:19  Missile Turret  
  120  15:20  Missile Turret  
  122  15:23  Missile Turret, SCV  
  119  15:35  SCV  
  119  15:40  Missile Turret  
  110  15:55  Marine  
  110  15:56  Marine x6  
  105  16:00  Thor  
  99  16:13  Marine x2  
  99  16:14  Marine x5  
  99  16:18  Hi-Sec Auto Tracking  
  86  16:31  Marine x3  
  86  16:32  Marine x4  
  87  16:39  Missile Turret  
  87  16:40  Missile Turret  
  87  16:43  Siege Tank  
  87  16:46  Missile Turret x3  
  90  16:47  Missile Turret x2  
  90  16:48  Missile Turret  
  90  16:49  Marine x4, Missile Turret  
  90  16:50  Marine x2  
  94  17:02  Missile Turret  
  94  17:06  Unknown x3  
  96  17:24  Missile Turret x2  
  96  17:26  Missile Turret  
Show
View Real Time Build Order
Export as new Build Order

Infamous Protoss - Winner!

Build Orders: 1 Gate Expand, Zealot Archon 

Get SALT Encoding   

  12  0:02  Probe  
  13  0:20  Pylon, Probe (Chrono Boost)  
  14  0:32  Probe (Chrono Boost)  
  15  0:39  Probe (Chrono Boost)  
  16  0:43  Gateway  
  16  0:49  Probe  
  17  0:53  Assimilator  
  17  1:01  Probe (Chrono Boost)  
  18  1:13  Probe (Chrono Boost)  
  19  1:20  Probe (Chrono Boost)  
  20  1:28  Nexus  
  20  1:32  Probe  
  21  1:41  Cybernetics Core  
  21  1:45  Probe  
  22  1:58  Assimilator  
  22  2:01  Pylon  
  22  2:05  Probe  
  23  2:20  Warp Gate  
  23  2:21  Twilight Council  
  23  2:22  Probe, Adept (Chrono Boost)  
  26  2:34  Probe, Pylon  
  27  2:40  Probe  
  28  2:45  Adept  
  30  2:55  Probe x2  
  32  3:07  Probe x2 (Chrono Boost)  
  32  3:12  Assimilator  
  34  3:16  Adept  
  34  3:19  Probe x2 (Chrono Boost)  
  38  3:30  Resonating Glaives  
  38  3:31  Probe  
  39  3:47  Templar Archives  
  39  4:09  Probe x2  
  41  4:17  Gateway  
  41  4:20  Gateway  
  41  4:21  Probe x2  
  41  4:22  Assimilator  
  41  4:23  Gateway  
  39  4:58  Probe x2  
  39  5:16  High Templar  
  39  5:19  Psionic Storm  
  41  5:28  Pylon  
  41  5:30  Forge  
  41  5:31  Forge  
  41  5:32  Pylon  
  41  5:40  Pylon  
  41  5:45  Pylon  
  41  5:48  Pylon  
  41  5:49  Gateway  
  41  5:51  Protoss Ground Weapons Level 1 (Chrono Boost), Protoss Ground Armor Level 1 (Chrono Boost)  
  41  5:55  Gateway x2  
  41  5:56  High Templar  
  41  5:57  High Templar x3  
  49  6:17  Photon Cannon  
  49  6:20  Photon Cannon  
  49  6:22  Photon Cannon  
  49  6:23  Photon Cannon  
  49  6:25  Photon Cannon  
  49  6:26  Photon Cannon  
  49  6:28  Shield Battery  
  49  6:31  Shield Battery  
  49  6:37  High Templar x3  
  55  6:48  Probe x2, Blink (Chrono Boost)  
  57  7:00  Probe  
  58  7:04  Stalker x3  
  64  7:13  Archon x3  
  64  7:14  Archon  
  64  7:20  Stalker  
  64  7:21  Stalker x3  
  72  7:33  Probe x2  
  74  7:44  Nexus  
  74  7:45  Probe, Pylon  
  75  7:58  High Templar x2  
  79  8:00  Protoss Ground Armor Level 2 (Chrono Boost)  
  79  8:08  Archon  
  79  8:20  Protoss Ground Weapons Level 2 (Chrono Boost)  
  79  8:32  Assimilator  
  79  8:36  Assimilator  
  79  8:42  Pylon  
  79  8:45  Pylon  
  79  8:46  High Templar  
  79  8:47  High Templar  
  83  8:49  Pylon  
  83  8:51  Stalker  
  83  8:52  Pylon  
  83  8:53  Zealot x4  
  83  8:55  Charge (Chrono Boost)  
  93  9:16  Probe  
  93  9:17  Probe x2  
  96  9:28  Probe  
  97  9:33  Forge  
  97  9:39  High Templar x3  
  97  9:42  Stalker  
  97  9:44  Zealot x3  
  111  9:56  Probe x2  
  111  9:57  Probe  
  106  10:08  Probe  
  107  10:16  High Templar x3  
  107  10:19  Stalker  
  107  10:20  Zealot  
  117  10:22  Zealot x2  
  117  10:45  High Templar  
  117  10:46  High Templar  
  117  10:48  Stalker x3  
  117  11:17  Archon x3  
  117  11:22  Stalker x4  
  117  11:24  High Templar x2  
  129  11:41  Protoss Shields Level 1 (Chrono Boost)  
  129  11:47  Probe  
  129  11:48  Probe x2, Robotics Facility  
  132  12:00  Probe x3  
  135  12:12  Probe x2  
  93  12:28  High Templar x2  
  93  12:29  High Templar x2  
  101  12:30  High Templar  
  103  12:50  High Templar  
  103  12:51  High Templar  
  107  12:54  Observer  
  108  13:15  Zealot x3  
  108  13:16  Zealot x2  
  118  13:36  Protoss Ground Weapons Level 3 (Chrono Boost)  
  118  13:43  Protoss Ground Armor Level 3 (Chrono Boost)  
  118  13:49  Archon x2  
  118  13:50  Archon  
  118  13:51  Archon  
  118  13:57  High Templar  
  118  13:58  High Templar x3  
  118  14:02  Zealot x3  
  131  14:17  Protoss Shields Level 2 (Chrono Boost)  
  131  14:27  Observer  
  128  14:41  High Templar x2  
  128  14:43  Zealot  
  128  14:44  Zealot x3  
  128  14:45  Zealot  
  142  15:30  Stalker  
  142  15:31  Stalker x2  
  68  16:23  High Templar x4  
  68  16:24  High Templar x3  
  76  16:32  Observer  
  77  16:54  Nexus  
  77  16:57  Pylon, High Templar  
  77  16:58  Assimilator x2, High Templar x3  
  85  17:01  Pylon  
  85  17:02  Pylon  
  85  17:05  Pylon  
  85  17:07  Observer  
  86  17:10  Pylon  
  86  17:11  Stalker  
  86  17:12  Stalker x2  
  92  17:27  Zealot  
  92  17:28  Zealot x3  
  100  17:41  High Templar  
  100  17:42  High Templar  
  104  17:48  Photon Cannon  
  104  17:54  Photon Cannon  
  104  17:56  Photon Cannon  
  104  18:00  Photon Cannon  
  104  18:03  Photon Cannon  
  104  18:06  Photon Cannon  
  104  18:09  Archon x4  
  104  18:10  Archon x2  
  104  18:14  High Templar x2  
  104  18:16  Zealot x2  
  104  18:17  Zealot x3  
  114  18:53  Probe x3  
  117  18:57  Stargate  
  117  18:59  Stargate  
  117  19:01  Probe  
  118  19:05  Probe  
  119  19:23  Assimilator  
  119  19:27  Assimilator  
  119  19:29  Nexus  
  119  19:32  Pylon  
  119  19:33  Pylon  
  119  19:36  Pylon  
  119  19:37  Probe x2  
  119  19:38  Pylon, Probe x2  
  123  19:44  Nexus  
  123  19:49  Probe  
  124  20:03  Void Ray x2 (Chrono Boost)  
  132  20:31  Probe  
  132  20:32  Probe x3  
Show
View Real Time Build Order
Export as new Build Order

Protan Zerg - Winner!

Build Orders: Pool First 

Get SALT Encoding   

  12  0:02  Drone  
  13  0:13  Overlord  
  13  0:21  Drone  
  14  0:39  Spawning Pool  
  14  0:42  Drone x2  
  15  0:53  Drone x2  
  17  1:11  Drone  
  18  1:21  Drone  
  19  1:30  Drone  
  20  1:36  Hatchery  
  20  1:37  Extractor  
  18  1:49  Drone x2  
  20  2:01  Drone  
  20  2:02  Hatchery  
  20  2:06  Queen  
  22  2:35  Overlord x2  
  22  2:36  Overlord  
  22  2:50  Drone  
  23  2:56  Drone  
  24  3:18  Drone x4  
  24  3:19  Drone  
  29  3:27  Extractor  
  28  3:29  Drone  
  28  3:30  Drone x2  
  28  3:31  Drone x3  
  28  3:32  Queen  
  28  3:33  Queen  
  38  3:36  Overlord  
  38  3:53  Drone x2  
  38  3:54  Drone x2  
  38  3:55  Overlord  
  42  4:02  Overlord  
  42  4:10  Drone  
  43  4:20  Extractor  
  43  4:21  Extractor  
  43  4:23  Extractor  
  40  4:24  Extractor  
  40  4:25  Drone x4  
  40  4:26  Drone x3  
  40  4:27  Drone x2  
  48  4:37  Lair  
  48  4:51  Zergling x4  
  48  4:52  Zergling x6  
  53  4:53  Zergling x4  
  53  4:54  Zergling x6  
  58  5:22  Metabolic Boost  
  58  5:33  Drone x2  
  58  5:34  Drone x4  
  58  5:35  Drone x5  
  68  5:36  Drone  
  70  5:45  Infestation Pit  
  70  5:49  Hydralisk Den  
  68  5:53  Roach Warren  
  67  6:02  Drone x3  
  67  6:03  Drone x3  
  67  6:04  Drone x3  
  76  6:13  Spore Crawler  
  75  6:18  Spore Crawler  
  74  6:45  Roach x4  
  82  6:48  Overlord x6  
  82  6:55  Overlord x6  
  82  6:57  Overlord x4  
  82  6:58  Overlord x5  
  82  7:17  Spire  
  82  7:20  Spire  
  80  7:23  Spire  
  79  7:45  Drone x3  
  79  7:46  Drone  
  79  7:47  Drone x4  
  79  7:48  Drone x2  
  89  7:58  Spore Crawler  
  88  7:59  Spore Crawler  
  87  8:12  Hatchery  
  86  8:37  Hive  
  85  8:57  Corruptor x5  
  85  8:58  Corruptor x4  
  85  8:59  Hydralisk  
  85  9:00  Hydralisk x5  
  85  9:01  Hydralisk x7  
  85  9:02  Hydralisk  
  131  9:27  Hatchery  
  131  9:29  Pneumatized Carapace  
  128  10:37  Zergling x2, Corruptor x4  
  128  10:38  Corruptor x2  
  128  10:39  Corruptor x5  
  128  10:40  Corruptor x2  
  128  10:41  Corruptor x4  
  128  10:42  Corruptor  
  163  10:43  Corruptor x2  
  167  11:12  Overseer  
  167  11:22  Overseer  
  167  11:23  Overseer  
  167  11:24  Overseer  
  167  11:28  Greater Spire  
  167  11:29  Zerg Flyer Weapons Level 1  
  167  11:30  Zerg Flyer Armor Level 1  
  167  11:37  Evolution Chamber, Corruptor x3  
  167  11:38  Corruptor x2  
  167  11:39  Evolution Chamber, Corruptor  
  177  11:40  Corruptor  
  177  11:44  Evolution Chamber  
  178  11:49  Drone x3  
  179  12:01  Drone x2  
  170  12:22  Extractor  
  164  12:27  Extractor  
  162  12:52  Brood Lord x4  
  162  12:53  Brood Lord x4  
  176  13:16  Zergling x6  
  176  13:17  Zergling x4  
  176  13:18  Zergling x6  
  176  13:19  Zergling x2  
  183  13:20  Zergling x6  
  152  13:42  Zergling x2  
  152  13:43  Zergling x4  
  152  13:44  Zergling x4  
  152  13:45  Zergling x2  
  152  13:46  Zergling x4  
  156  13:56  Queen  
  156  13:59  Zerg Missile Weapons Level 1, Zerg Ground Armor Level 1, Zerg Melee Weapons Level 1  
  156  14:00  Zerg Flyer Weapons Level 2  
  156  14:01  Zerg Flyer Armor Level 2  
  145  14:24  Hydralisk x6  
  139  14:25  Hydralisk x5  
  139  14:26  Hydralisk x4  
  139  14:27  Hydralisk x3  
  139  14:28  Hydralisk x3  
  148  14:59  Hydralisk x3  
  152  15:00  Hydralisk x3  
  152  15:01  Hydralisk x3  
  152  15:02  Hydralisk x3  
  152  15:06  Muscular Augments  
  170  15:08  Glial Reconstitution  
  170  15:11  Adrenal Glands  
  156  15:34  Hydralisk x3  
  156  15:35  Hydralisk x3  
  150  15:36  Hydralisk x3  
  150  15:37  Hydralisk x3  
  156  15:58  Zergling x4  
  156  15:59  Zergling x4  
  156  16:00  Zergling x4  
  156  16:02  Zergling x2  
  156  16:03  Zergling x2  
  164  16:18  Grooved Spines  
  160  16:28  Zergling x2  
  160  16:29  Zergling x6  
  160  16:30  Zergling x8  
  160  16:32  Zergling x8  
  171  16:33  Zergling x4  
  171  16:34  Zergling x4  
  173  17:24  Zergling x2  
  173  17:25  Zergling x12  
  173  17:26  Zergling x4  
  173  17:27  Zergling x10  
  173  17:28  Zergling x4  
  173  17:29  Zergling x10  
  191  17:30  Zergling x4  
  191  17:31  Zergling x10  
  137  18:56  Zergling x8  
  137  18:57  Zergling x6  
  137  18:58  Zergling x10  
  137  18:59  Zergling x6  
  137  19:00  Zergling x6  
  137  19:01  Zergling x8  
  137  19:02  Zergling x4  
  161  19:25  Hatchery  
  159  20:08  Corruptor x3  
  159  20:09  Corruptor x3  
  159  20:10  Corruptor x5  
  159  20:11  Corruptor  
Show
View Real Time Build Order
Export as new Build Order

Sceptre Protoss - Winner!

Build Orders:  

Get SALT Encoding   

  12  0:04  Probe  
  13  0:17  Pylon  
  13  0:20  Probe  
  14  0:34  Probe  
  15  0:49  Forge  
  15  0:59  Assimilator  
  15  1:04  Probe (Chrono Boost)  
  16  1:16  Probe (Chrono Boost)  
  18  1:25  Probe (Chrono Boost)  
  18  1:27  Photon Cannon  
  18  1:34  Photon Cannon  
  18  1:40  Probe (Chrono Boost)  
  19  1:50  Probe (Chrono Boost)  
  20  1:55  Pylon  
  20  2:07  Gateway  
  20  2:20  Photon Cannon  
  20  2:23  Photon Cannon  
  20  2:25  Photon Cannon  
  20  2:38  Probe  
  21  2:58  Nexus  
  21  3:04  Assimilator  
  21  3:09  Pylon  
  21  3:19  Cybernetics Core  
  21  3:27  Assimilator  
  21  3:40  Protoss Ground Armor Level 1 (Chrono Boost)  
  21  4:02  Pylon  
  21  4:03  Stalker  
  23  4:10  Pylon  
  23  4:16  Probe (Chrono Boost)  
  24  4:18  Photon Cannon  
  24  4:28  Probe (Chrono Boost)  
  25  4:35  Probe (Chrono Boost)  
  25  4:37  Stargate  
  26  4:42  Probe  
  27  4:49  Shield Battery  
  27  4:56  Photon Cannon  
  27  5:02  Warp Gate  
  27  5:06  Probe  
  28  5:18  Probe, Stargate  
  29  5:25  Void Ray  
  33  5:30  Probe  
  34  5:43  Pylon  
  34  6:01  Nexus  
  34  6:06  Pylon  
  34  6:15  Void Ray  
  38  6:21  Probe  
  39  6:37  Robotics Facility  
  39  6:44  Probe  
  40  6:55  Assimilator  
  40  6:56  Probe  
  41  7:12  Photon Cannon  
  41  7:22  Pylon  
  41  7:29  Photon Cannon  
  41  7:35  Stargate  
  41  7:38  Photon Cannon  
  41  7:44  Probe (Chrono Boost)  
  42  7:55  Probe (Chrono Boost)  
  42  7:57  Observer  
  44  8:00  Probe (Chrono Boost)  
  44  8:04  Fleet Beacon  
  45  8:10  Probe  
  46  8:22  Probe, Photon Cannon  
  46  8:24  Shield Battery  
  47  8:31  Robotics Bay  
  47  8:38  Immortal  
  51  8:43  Void Ray  
  55  8:53  Void Ray  
  59  9:11  Stalker  
  61  9:20  Pylon  
  61  9:36  Pylon  
  61  9:42  Pylon  
  61  9:45  Tempest  
  61  9:49  Tempest  
  73  9:54  Extended Thermal Lance  
  73  10:01  Pylon  
  73  10:14  Tempest  
  79  10:22  Assimilator  
  79  10:29  Probe, Assimilator  
  80  10:41  Probe  
  81  10:45  Pylon  
  81  10:54  Probe  
  82  11:04  Nexus  
  82  11:06  Probe  
  82  11:10  Pylon  
  83  11:12  Tempest  
  83  11:17  Protoss Air Weapons Level 1  
  83  11:18  Probe  
  90  11:36  Shield Battery  
  90  11:39  Photon Cannon  
  90  11:41  Protoss Ground Weapons Level 1  
  90  11:50  Tempest  
  96  12:06  Pylon  
  96  12:16  Photon Cannon  
  96  12:19  Shield Battery  
  96  12:25  Stargate  
  96  12:28  Probe  
  97  12:34  Gateway  
  97  12:40  Probe  
  98  12:49  Twilight Council  
  98  12:52  Probe  
  98  12:55  Graviton Catapult  
  99  12:59  Colossus  
  99  13:04  Probe  
  106  13:09  Tempest  
  112  13:16  Probe  
  112  13:17  Stalker  
  115  13:29  Tempest  
  121  13:44  Stalker  
  131  13:56  Mothership (Chrono Boost)  
  131  14:03  Dark Shrine  
  131  14:11  Tempest  
  137  14:26  Tempest  
  139  14:31  Stalker  
  141  14:41  Tempest  
  147  14:55  Observer  
  134  15:16  Observer  
  131  15:22  Probe (Chrono Boost)  
  132  15:32  Carrier  
  132  15:33  Probe (Chrono Boost)  
  132  15:34  Protoss Air Weapons Level 2  
  125  15:38  Probe (Chrono Boost)  
  126  15:48  Probe (Chrono Boost)  
  127  16:00  Probe (Chrono Boost)  
  127  16:02  Stalker  
  130  16:05  Probe (Chrono Boost), Tempest  
  137  16:12  Colossus  
  137  16:15  Probe  
  144  16:24  Probe  
  145  16:27  Probe  
  146  16:35  Stalker  
  146  16:36  Probe  
  149  16:48  Probe  
  149  17:00  Probe  
  150  17:12  Probe  
  139  17:37  Dark Templar  
  135  17:52  Gateway  
  135  17:56  Gateway  
  135  18:00  Tempest  
  141  18:10  Gateway  
  135  18:15  Gateway  
  135  18:29  Carrier  
  141  18:36  Pylon  
  141  18:43  Assimilator  
  141  18:46  Assimilator  
  141  18:50  Pylon  
  141  18:56  Dark Templar  
  141  19:00  Photon Cannon  
  143  19:05  Probe  
  144  19:18  Probe  
  144  19:19  Photon Cannon  
  145  19:30  Probe  
  146  19:33  Probe  
  147  19:42  Probe  
  148  19:54  Probe  
  148  19:55  Gateway  
  148  19:57  Dark Templar  
  151  20:06  Probe  
  152  20:18  Probe  
  153  20:30  Probe  
  160  20:50  Dark Templar  
  160  20:53  Dark Templar  
Show
View Real Time Build Order
Export as new Build Order

ZeroCL Terran - Winner!

Build Orders: Mech 

Get SALT Encoding   

  12  0:04  SCV  
  13  0:16  SCV  
  14  0:26  Supply Depot  
  14  0:29  SCV  
  15  0:45  Supply Depot  
  15  0:49  Barracks  
  15  1:04  SCV  
  15  1:06  Barracks  
  16  1:15  Refinery  
  16  1:16  SCV  
  17  1:34  SCV  
  18  1:42  Marine  
  18  1:46  SCV  
  20  1:54  Marine  
  20  1:58  SCV  
  20  1:59  Marine  
  23  2:02  Refinery  
  23  2:10  SCV  
  23  2:12  Marine  
  26  2:22  SCV  
  26  2:34  Factory, SCV  
  27  2:45  Barracks Tech Lab  
  27  2:47  SCV  
  27  2:49  Barracks Reactor  
  28  3:00  Command Center  
  28  3:09  Factory  
  28  3:19  Factory Tech Lab  
  28  3:30  Factory  
  28  3:51  Armory  
  28  3:54  Factory Tech Lab  
  28  4:11  Marine  
  28  4:12  Marine x2  
  31  4:18  Factory Tech Lab  
  31  4:20  Siege Tank  
  34  4:28  Marine  
  31  5:03  Widow Mine x2, Thor  
  41  5:15  SCV  
  42  5:22  Engineering Bay  
  42  5:28  SCV  
  43  5:40  SCV  
  44  5:48  Engineering Bay  
  44  5:52  SCV  
  44  5:53  Terran Vehicle And Ship Armor Level 1  
  44  5:55  Supply Depot  
  45  5:57  Supply Depot  
  45  6:02  Supply Depot  
  45  6:03  Supply Depot, Refinery  
  46  6:04  SCV  
  46  6:13  Missile Turret  
  46  6:16  Thor  
  46  6:17  SCV  
  53  6:26  Orbital Command  
  53  6:29  SCV  
  54  6:38  Marine x3  
  57  6:41  SCV  
  58  6:49  Missile Turret  
  58  6:51  Drilling Claws  
  58  6:53  SCV  
  59  6:55  Smart Servos  
  59  7:23  Thor  
  59  7:27  Widow Mine  
  59  7:29  Missile Turret  
  67  7:47  Refinery  
  67  7:49  SCV  
  68  7:56  Missile Turret  
  68  7:58  Hi-Sec Auto Tracking  
  68  8:01  SCV  
  68  8:03  Missile Turret  
  69  8:12  Thor  
  75  8:13  SCV  
  76  8:25  SCV  
  77  8:41  Planetary Fortress  
  77  8:47  Supply Depot  
  77  8:48  Supply Depot  
  77  8:49  Supply Depot  
  77  9:08  Missile Turret, Thor  
  77  9:09  Thor  
  89  9:20  Factory  
  89  9:32  Missile Turret  
  89  9:36  Widow Mine  
  91  9:51  Thor  
  99  9:53  Widow Mine  
  99  9:57  Widow Mine  
  97  10:30  Marine x3  
  98  10:48  Marine  
  99  10:55  Factory Tech Lab  
  99  10:56  Siege Tank, Thor  
  89  11:30  Missile Turret x2  
  89  11:34  Thor  
  95  12:08  Missile Turret  
  95  12:10  Missile Turret  
  95  12:12  Command Center  
  95  12:21  Thor  
  101  12:30  Missile Turret  
  101  12:33  Supply Depot  
  101  12:37  Supply Depot  
  101  12:39  Supply Depot x3  
  101  12:54  Thor x2  
  101  12:55  Thor  
  107  12:59  Thor  
  107  13:00  Thor  
  87  15:00  Thor x4  
  111  15:25  SCV  
  111  15:28  Refinery  
  112  15:33  Supply Depot  
  112  15:35  Supply Depot  
  112  15:36  Supply Depot  
  112  15:37  SCV  
  112  15:38  Supply Depot  
  113  15:43  Thor  
  113  15:48  Thor x3  
  138  15:50  SCV  
  138  16:02  SCV  
  139  16:05  Terran Vehicle And Ship Armor Level 2  
  139  16:09  Refinery  
  139  16:10  Armory  
  139  16:14  SCV  
  140  16:35  Thor  
  140  16:36  Thor  
  144  18:53  Thor x3  
  144  18:55  Thor  
  168  19:36  Thor x2  
Tags
 
Add a new tag
Caveats
  • Supply blocks, unpowered buildings, or Contaminate may cause inaccurate times.
  • Supply counts are checked every 10 seconds.